[gd_scene load_steps=16 format=2]

[ext_resource path="res://entities/static/FinalBoss_FakeAndReal.tscn" type="PackedScene" id=1]
[ext_resource path="res://entities/screen_based/Floaters.tscn" type="PackedScene" id=2]
[ext_resource path="res://scenes/FinalBossFightOverlay.gd" type="Script" id=3]
[ext_resource path="res://entities/screen_based/Miniboss.tscn" type="PackedScene" id=4]
[ext_resource path="res://entities/moving/SpawnShip.tscn" type="PackedScene" id=5]
[ext_resource path="res://assets/graphics/sheet_large.sprites/rex2_boss_tentacle_original.tres" type="Texture" id=6]
[ext_resource path="res://assets/graphics/sheet_sprites.sprites/rex_anims_original.tres" type="Texture" id=7]

[sub_resource type="RectangleShape2D" id=8]
extents = Vector2( 427, 116.5 )

[sub_resource type="Curve2D" id=1]
_data = {
"points": PoolVector2Array( -35.4158, 54.3765, 35.4158, -54.3765, 160, 259, -46.5818, -35.6875, 46.5818, 35.6875, 363, 190, -69.6231, -50.7232, 69.6231, 50.7232, 556, 371, -57.6765, 7.13524, 57.6765, -7.13524, 706, 422, 87.2218, 102.455, -87.2218, -102.455, 773, 230, 18.6103, -15.8606, -18.6103, 15.8606, 599, 211, 46.3245, -36.5862, -46.3245, 36.5862, 412, 370, 76.2707, 18.1843, -76.2707, -18.1843, 232, 417, -14.4891, 24.2535, 14.4891, -24.2535, 160, 258 )
}

[sub_resource type="Curve2D" id=2]
_data = {
"points": PoolVector2Array( 0, 0, 0, 0, 163, 404, 0, 0, 0, 0, 163, 181, 0, 0, 0, 0, 163, 181, 0, 0, 0, 0, 163, 404 )
}

[sub_resource type="RectangleShape2D" id=3]
extents = Vector2( 69, 10 )

[sub_resource type="Animation" id=4]
resource_name = "queen_fall"
length = 0.5
step = 0.05
tracks/0/type = "value"
tracks/0/path = NodePath("FinalBoss_FakeAndReal:position")
tracks/0/interp = 1
tracks/0/loop_wrap = true
tracks/0/imported = false
tracks/0/enabled = true
tracks/0/keys = {
"times": PoolRealArray( 0, 0.05, 0.5 ),
"transitions": PoolRealArray( 1, 1, 1 ),
"update": 0,
"values": [ Vector2( 400, 250 ), Vector2( 213.7, 333.1 ), Vector2( -221, 527 ) ]
}
tracks/1/type = "value"
tracks/1/path = NodePath("FinalBoss_FakeAndReal:rotation_degrees")
tracks/1/interp = 1
tracks/1/loop_wrap = true
tracks/1/imported = false
tracks/1/enabled = true
tracks/1/keys = {
"times": PoolRealArray( 0, 0.5 ),
"transitions": PoolRealArray( 1, 1 ),
"update": 0,
"values": [ 0.0, -66.6 ]
}

[sub_resource type="Animation" id=5]
length = 2.0
tracks/0/type = "value"
tracks/0/path = NodePath("Tentacle/Skeleton2D/Bone2D/Bone2D4/Bone2D5/Bone2D6/Bone2D7:position")
tracks/0/interp = 1
tracks/0/loop_wrap = true
tracks/0/imported = false
tracks/0/enabled = true
tracks/0/keys = {
"times": PoolRealArray( 1, 1.9 ),
"transitions": PoolRealArray( 1, 1 ),
"update": 0,
"values": [ Vector2( 85, 1 ), Vector2( 86.6752, -14.7446 ) ]
}
tracks/1/type = "value"
tracks/1/path = NodePath("Tentacle/Skeleton2D/Bone2D/Bone2D4/Bone2D5/Bone2D6:position")
tracks/1/interp = 1
tracks/1/loop_wrap = true
tracks/1/imported = false
tracks/1/enabled = true
tracks/1/keys = {
"times": PoolRealArray( 1, 1.9 ),
"transitions": PoolRealArray( 1, 1 ),
"update": 0,
"values": [ Vector2( 224, 4 ), Vector2( 215, 56 ) ]
}
tracks/2/type = "value"
tracks/2/path = NodePath("Tentacle/Skeleton2D/Bone2D/Bone2D4/Bone2D5/Bone2D6:rotation_degrees")
tracks/2/interp = 1
tracks/2/loop_wrap = true
tracks/2/imported = false
tracks/2/enabled = true
tracks/2/keys = {
"times": PoolRealArray( 1, 1.9 ),
"transitions": PoolRealArray( 1, 1 ),
"update": 0,
"values": [ 0.0, 25.3356 ]
}
tracks/3/type = "value"
tracks/3/path = NodePath("Tentacle/Skeleton2D/Bone2D/Bone2D4/Bone2D5/Bone2D6/Bone2D7:rotation_degrees")
tracks/3/interp = 1
tracks/3/loop_wrap = true
tracks/3/imported = false
tracks/3/enabled = true
tracks/3/keys = {
"times": PoolRealArray( 1, 1.9 ),
"transitions": PoolRealArray( 1, 1 ),
"update": 0,
"values": [ 0.0, 0.0 ]
}
tracks/4/type = "value"
tracks/4/path = NodePath("Tentacle/Skeleton2D/Bone2D/Bone2D4/Bone2D5:position")
tracks/4/interp = 1
tracks/4/loop_wrap = true
tracks/4/imported = false
tracks/4/enabled = true
tracks/4/keys = {
"times": PoolRealArray( 1, 1.9 ),
"transitions": PoolRealArray( 1, 1 ),
"update": 0,
"values": [ Vector2( 148, 0 ), Vector2( 138, -43 ) ]
}
tracks/5/type = "value"
tracks/5/path = NodePath("Tentacle/Skeleton2D/Bone2D/Bone2D4:position")
tracks/5/interp = 1
tracks/5/loop_wrap = true
tracks/5/imported = false
tracks/5/enabled = true
tracks/5/keys = {
"times": PoolRealArray( 1 ),
"transitions": PoolRealArray( 1 ),
"update": 0,
"values": [ Vector2( 184, 1 ) ]
}
tracks/6/type = "value"
tracks/6/path = NodePath("Tentacle/Skeleton2D/Bone2D:position")
tracks/6/interp = 1
tracks/6/loop_wrap = true
tracks/6/imported = false
tracks/6/enabled = true
tracks/6/keys = {
"times": PoolRealArray( 1 ),
"transitions": PoolRealArray( 1 ),
"update": 0,
"values": [ Vector2( 12, 43 ) ]
}
tracks/7/type = "value"
tracks/7/path = NodePath("Tentacle:position")
tracks/7/interp = 1
tracks/7/loop_wrap = true
tracks/7/imported = false
tracks/7/enabled = true
tracks/7/keys = {
"times": PoolRealArray( 0, 1, 1.9 ),
"transitions": PoolRealArray( 1, 1, 1 ),
"update": 0,
"values": [ Vector2( -879, 329 ), Vector2( -631.667, 360.667 ), Vector2( -631.667, 360.667 ) ]
}

[sub_resource type="Animation" id=6]
resource_name = "tentacles_stage2"
tracks/0/type = "value"
tracks/0/path = NodePath("Tentacle/Skeleton2D/Bone2D/Bone2D4/Bone2D5/Bone2D6/Bone2D7:position")
tracks/0/interp = 1
tracks/0/loop_wrap = true
tracks/0/imported = false
tracks/0/enabled = true
tracks/0/keys = {
"times": PoolRealArray( 0, 0.5 ),
"transitions": PoolRealArray( 1, 1 ),
"update": 0,
"values": [ Vector2( 86.6752, -14.7446 ), Vector2( 94, 0 ) ]
}
tracks/1/type = "value"
tracks/1/path = NodePath("Tentacle/Skeleton2D/Bone2D/Bone2D4/Bone2D5/Bone2D6:position")
tracks/1/interp = 1
tracks/1/loop_wrap = true
tracks/1/imported = false
tracks/1/enabled = true
tracks/1/keys = {
"times": PoolRealArray( 0, 0.5 ),
"transitions": PoolRealArray( 1, 1 ),
"update": 0,
"values": [ Vector2( 215, 56 ), Vector2( 215, 22 ) ]
}
tracks/2/type = "value"
tracks/2/path = NodePath("Tentacle/Skeleton2D/Bone2D/Bone2D4/Bone2D5/Bone2D6:rotation_degrees")
tracks/2/interp = 1
tracks/2/loop_wrap = true
tracks/2/imported = false
tracks/2/enabled = true
tracks/2/keys = {
"times": PoolRealArray( 0, 0.5 ),
"transitions": PoolRealArray( 1, 1 ),
"update": 0,
"values": [ 25.3356, 28.9136 ]
}
tracks/3/type = "value"
tracks/3/path = NodePath("Tentacle/Skeleton2D/Bone2D/Bone2D4/Bone2D5/Bone2D6/Bone2D7:rotation_degrees")
tracks/3/interp = 1
tracks/3/loop_wrap = true
tracks/3/imported = false
tracks/3/enabled = true
tracks/3/keys = {
"times": PoolRealArray( 0, 0.5 ),
"transitions": PoolRealArray( 1, 1 ),
"update": 0,
"values": [ 0.0, 53.1079 ]
}
tracks/4/type = "value"
tracks/4/path = NodePath("Tentacle/Skeleton2D/Bone2D/Bone2D4/Bone2D5:position")
tracks/4/interp = 1
tracks/4/loop_wrap = true
tracks/4/imported = false
tracks/4/enabled = true
tracks/4/keys = {
"times": PoolRealArray( 0 ),
"transitions": PoolRealArray( 1 ),
"update": 0,
"values": [ Vector2( 138, -43 ) ]
}
tracks/5/type = "value"
tracks/5/path = NodePath("Tentacle/Skeleton2D/Bone2D/Bone2D4:position")
tracks/5/interp = 1
tracks/5/loop_wrap = true
tracks/5/imported = false
tracks/5/enabled = true
tracks/5/keys = {
"times": PoolRealArray(  ),
"transitions": PoolRealArray(  ),
"update": 0,
"values": [  ]
}
tracks/6/type = "value"
tracks/6/path = NodePath("Tentacle/Skeleton2D/Bone2D:position")
tracks/6/interp = 1
tracks/6/loop_wrap = true
tracks/6/imported = false
tracks/6/enabled = true
tracks/6/keys = {
"times": PoolRealArray(  ),
"transitions": PoolRealArray(  ),
"update": 0,
"values": [  ]
}
tracks/7/type = "value"
tracks/7/path = NodePath("Tentacle:position")
tracks/7/interp = 1
tracks/7/loop_wrap = true
tracks/7/imported = false
tracks/7/enabled = true
tracks/7/keys = {
"times": PoolRealArray( 0, 0.5 ),
"transitions": PoolRealArray( 1, 1 ),
"update": 0,
"values": [ Vector2( -631.667, 360.667 ), Vector2( -137, 424 ) ]
}
tracks/8/type = "value"
tracks/8/path = NodePath("SpritePretendPlayer_Caught:position")
tracks/8/interp = 1
tracks/8/loop_wrap = true
tracks/8/imported = false
tracks/8/enabled = true
tracks/8/keys = {
"times": PoolRealArray( 0, 0.5, 1 ),
"transitions": PoolRealArray( 1, 1, 1 ),
"update": 0,
"values": [ Vector2( 45, 467 ), Vector2( 505, 543 ), Vector2( 505, 543 ) ]
}

[sub_resource type="Animation" id=7]
resource_name = "tentacles_stage3"
length = 0.5
tracks/0/type = "value"
tracks/0/path = NodePath("Tentacle/Skeleton2D/Bone2D/Bone2D4/Bone2D5/Bone2D6/Bone2D7:position")
tracks/0/interp = 1
tracks/0/loop_wrap = true
tracks/0/imported = false
tracks/0/enabled = true
tracks/0/keys = {
"times": PoolRealArray( 0 ),
"transitions": PoolRealArray( 1 ),
"update": 0,
"values": [ Vector2( 86.6752, -14.7446 ) ]
}
tracks/1/type = "value"
tracks/1/path = NodePath("Tentacle/Skeleton2D/Bone2D/Bone2D4/Bone2D5/Bone2D6:position")
tracks/1/interp = 1
tracks/1/loop_wrap = true
tracks/1/imported = false
tracks/1/enabled = true
tracks/1/keys = {
"times": PoolRealArray( 0 ),
"transitions": PoolRealArray( 1 ),
"update": 0,
"values": [ Vector2( 215, 56 ) ]
}
tracks/2/type = "value"
tracks/2/path = NodePath("Tentacle/Skeleton2D/Bone2D/Bone2D4/Bone2D5/Bone2D6:rotation_degrees")
tracks/2/interp = 1
tracks/2/loop_wrap = true
tracks/2/imported = false
tracks/2/enabled = true
tracks/2/keys = {
"times": PoolRealArray( 0 ),
"transitions": PoolRealArray( 1 ),
"update": 0,
"values": [ 25.3356 ]
}
tracks/3/type = "value"
tracks/3/path = NodePath("Tentacle/Skeleton2D/Bone2D/Bone2D4/Bone2D5/Bone2D6/Bone2D7:rotation_degrees")
tracks/3/interp = 1
tracks/3/loop_wrap = true
tracks/3/imported = false
tracks/3/enabled = true
tracks/3/keys = {
"times": PoolRealArray( 0 ),
"transitions": PoolRealArray( 1 ),
"update": 0,
"values": [ 0.0 ]
}
tracks/4/type = "value"
tracks/4/path = NodePath("Tentacle/Skeleton2D/Bone2D/Bone2D4/Bone2D5:position")
tracks/4/interp = 1
tracks/4/loop_wrap = true
tracks/4/imported = false
tracks/4/enabled = true
tracks/4/keys = {
"times": PoolRealArray( 0 ),
"transitions": PoolRealArray( 1 ),
"update": 0,
"values": [ Vector2( 138, -43 ) ]
}
tracks/5/type = "value"
tracks/5/path = NodePath("Tentacle/Skeleton2D/Bone2D/Bone2D4:position")
tracks/5/interp = 1
tracks/5/loop_wrap = true
tracks/5/imported = false
tracks/5/enabled = true
tracks/5/keys = {
"times": PoolRealArray(  ),
"transitions": PoolRealArray(  ),
"update": 0,
"values": [  ]
}
tracks/6/type = "value"
tracks/6/path = NodePath("Tentacle/Skeleton2D/Bone2D:position")
tracks/6/interp = 1
tracks/6/loop_wrap = true
tracks/6/imported = false
tracks/6/enabled = true
tracks/6/keys = {
"times": PoolRealArray(  ),
"transitions": PoolRealArray(  ),
"update": 0,
"values": [  ]
}
tracks/7/type = "value"
tracks/7/path = NodePath("Tentacle:position")
tracks/7/interp = 1
tracks/7/loop_wrap = true
tracks/7/imported = false
tracks/7/enabled = true
tracks/7/keys = {
"times": PoolRealArray( 0, 0.5 ),
"transitions": PoolRealArray( 1, 1 ),
"update": 0,
"values": [ Vector2( -631.667, 360.667 ), Vector2( -801.667, 360.667 ) ]
}
tracks/8/type = "value"
tracks/8/path = NodePath("SpritePretendPlayer_Caught:position")
tracks/8/interp = 1
tracks/8/loop_wrap = true
tracks/8/imported = false
tracks/8/enabled = true
tracks/8/keys = {
"times": PoolRealArray( 0, 0.5 ),
"transitions": PoolRealArray( 1, 1 ),
"update": 0,
"values": [ Vector2( 43, 467 ), Vector2( -107, 471 ) ]
}

[node name="FinalBossFightOverlay" type="Node2D"]
pause_mode = 1
z_index = 1
script = ExtResource( 3 )

[node name="FinalBoss_FakeAndReal" parent="." instance=ExtResource( 1 )]
position = Vector2( 400, 250 )
is_real_boss = true

[node name="DropPoints" type="Node2D" parent="."]

[node name="Position2D01" type="Position2D" parent="DropPoints"]
position = Vector2( 201, 0 )

[node name="Position2D02" type="Position2D" parent="DropPoints"]
position = Vector2( 768, 0 )

[node name="Position2D03" type="Position2D" parent="DropPoints"]
position = Vector2( 144, 0 )

[node name="Position2D04" type="Position2D" parent="DropPoints"]
position = Vector2( 816, 0 )

[node name="Position2D05" type="Position2D" parent="DropPoints"]
position = Vector2( 96, 0 )

[node name="Position2D06" type="Position2D" parent="DropPoints"]
position = Vector2( 864, 0 )

[node name="Position2D07" type="Position2D" parent="DropPoints"]
position = Vector2( 48, 0 )

[node name="Position2D08" type="Position2D" parent="DropPoints"]
position = Vector2( 912, 2 )

[node name="Position2D09" type="Position2D" parent="DropPoints"]
position = Vector2( -55, 272 )

[node name="Position2D10" type="Position2D" parent="DropPoints"]
position = Vector2( 1015, 272 )

[node name="Position2D11" type="Position2D" parent="DropPoints"]
position = Vector2( -55, 400 )

[node name="Position2D12" type="Position2D" parent="DropPoints"]
position = Vector2( 1015, 400 )

[node name="Position2D13" type="Position2D" parent="DropPoints"]
position = Vector2( -55, 528 )

[node name="Position2D14" type="Position2D" parent="DropPoints"]
position = Vector2( 1015, 528 )

[node name="Floater_Domain" parent="." instance=ExtResource( 2 )]
position = Vector2( 450, 119 )
z_index = 1
number_of_floaters = 20
floater_speed = 100
random_offset = 60

[node name="StartingPoint" parent="Floater_Domain" index="0"]
position = Vector2( -307, 61 )

[node name="CollisionShape2D" parent="Floater_Domain" index="2"]
position = Vector2( 25, 151.5 )
shape = SubResource( 8 )

[node name="MinibossContainer" parent="." instance=ExtResource( 4 )]
position = Vector2( 132, -122 )
z_index = 1
health_override = 25

[node name="Paths" type="Node2D" parent="."]
position = Vector2( 0, -70 )

[node name="Infinite" type="Path2D" parent="Paths"]
curve = SubResource( 1 )

[node name="Basic" type="Path2D" parent="Paths"]
position = Vector2( -5, 0 )
curve = SubResource( 2 )

[node name="ThrustShip" parent="." instance=ExtResource( 5 )]
position = Vector2( 737, -124 )
collision_mask = 2
weapon_type = 6
automatic_takeoff = false

[node name="CollisionShape2D" type="CollisionShape2D" parent="ThrustShip"]
position = Vector2( 0, 44 )
shape = SubResource( 3 )

[node name="TimerFire" type="Timer" parent="."]
one_shot = true

[node name="AnimationPlayer" type="AnimationPlayer" parent="."]
anims/queen_fall = SubResource( 4 )
anims/tentacles_stage1 = SubResource( 5 )
anims/tentacles_stage2 = SubResource( 6 )
anims/tentacles_stage3 = SubResource( 7 )

[node name="Tentacle" type="Node2D" parent="."]
position = Vector2( -879, 329 )

[node name="Polygon2D" type="Polygon2D" parent="Tentacle"]
texture = ExtResource( 6 )
skeleton = NodePath("../Skeleton2D")
polygon = PoolVector2Array( -1.26411, 22.7057, 48.0182, 24.1411, 64.7646, -4.08852, 80.5541, -2.65311, 85.3388, 22.7057, 162.372, 27.4904, 158.544, -3.61005, 192.516, 3.56699, 182.946, 35.6244, 181.511, 59.5478, 162.851, 58.5909, 163.808, 85.3852, 148.975, 88.7345, 123.138, 59.0694, 59.023, 59.0694, 51.8459, 101.653, 26.0086, 101.175, 22.1809, 59.0694, -7.00574, 54.2847 )
uv = PoolVector2Array( -1.26411, 22.7057, 48.0182, 24.1411, 64.7646, -4.08852, 80.5541, -2.65311, 85.3388, 22.7057, 162.372, 27.4904, 158.544, -3.61005, 192.516, 3.56699, 182.946, 35.6244, 181.511, 59.5478, 162.851, 58.5909, 163.808, 85.3852, 148.975, 88.7345, 123.138, 59.0694, 59.023, 59.0694, 51.8459, 101.653, 26.0086, 101.175, 22.1809, 59.0694, -7.00574, 54.2847 )
bones = [ "Bone2D", PoolRealArray( 1, 1, 1, 1, 1, 1, 1, 1, 1, 1, 1, 1, 1, 1, 1, 1, 1, 1, 1 ), "Bone2D/Bone2D4", PoolRealArray( 0, 0, 0, 0, 0, 0.5, 0.5, 0.5, 0.5, 0.5, 0.5, 0.5, 0.5, 0.5, 0, 0, 0, 0, 0 ), "Bone2D/Bone2D4/Bone2D5", PoolRealArray( 0, 0, 0, 0, 0, 0, 0, 0, 0, 0, 0, 0, 0, 0, 0, 0, 0, 0, 0 ), "Bone2D/Bone2D4/Bone2D5/Bone2D6", PoolRealArray( 0, 0, 0, 0, 0, 0, 0, 0, 0, 0, 0, 0, 0, 0, 0, 0, 0, 0, 0 ), "Bone2D/Bone2D4/Bone2D5/Bone2D6/Bone2D7", PoolRealArray( 0, 0, 0, 0, 0, 0, 0, 0, 0, 0, 0, 0, 0, 0, 0, 0, 0, 0, 0 ) ]

[node name="Polygon2D2" type="Polygon2D" parent="Tentacle"]
texture = ExtResource( 6 )
skeleton = NodePath("../Skeleton2D")
polygon = PoolVector2Array( 190.588, 26.5335, 291.544, 24.1411, 292.501, -7.91627, 323.123, -0.260773, 321.688, 29.8828, 318.817, 57.1555, 298.722, 59.5478, 298.243, 87.7775, 266.664, 86.8206, 261.401, 59.0694, 181.497, 57.1555 )
uv = PoolVector2Array( 190.588, 26.5335, 291.544, 24.1411, 292.501, -7.91627, 323.123, -0.260773, 321.688, 29.8828, 318.817, 57.1555, 298.722, 59.5478, 298.243, 87.7775, 266.664, 86.8206, 261.401, 59.0694, 181.497, 57.1555 )
bones = [ "Bone2D", PoolRealArray( 0.5, 0.5, 0, 0, 0, 0, 0, 0, 0, 0.5, 0.5 ), "Bone2D/Bone2D4", PoolRealArray( 0.5, 0.5, 0.5, 0.5, 0.5, 0.5, 0.5, 0.5, 0.5, 0.5, 0.5 ), "Bone2D/Bone2D4/Bone2D5", PoolRealArray( 0, 0.5, 0.5, 0.5, 0.5, 0.5, 0.5, 0.5, 0, 0, 0 ), "Bone2D/Bone2D4/Bone2D5/Bone2D6", PoolRealArray( 0, 0, 0, 0, 0, 0, 0, 0, 0, 0, 0 ), "Bone2D/Bone2D4/Bone2D5/Bone2D6/Bone2D7", PoolRealArray( 0, 0, 0, 0, 0, 0, 0, 0, 0, 0, 0 ) ]

[node name="Polygon2D3" type="Polygon2D" parent="Tentacle"]
texture = ExtResource( 6 )
skeleton = NodePath("../Skeleton2D")
polygon = PoolVector2Array( 320.445, 31.7966, 342.455, 32.7536, 346.761, -5.04546, 376.904, 0.217697, 377.861, 24.6196, 431.45, 27.012, 426.665, -5.04546, 456.809, -4.08852, 460.636, 30.3612, 536.234, 27.4904, 540.541, 33.2321, 541.976, 89.2129, 523.794, 87.299, 505.134, 56.1986, 481.689, 59.0694, 479.297, 79.1651, 462.072, 73.4234, 459.201, 57.634, 318.053, 57.634 )
uv = PoolVector2Array( 320.445, 31.7966, 342.455, 32.7536, 346.761, -5.04546, 376.904, 0.217697, 377.861, 24.6196, 431.45, 27.012, 426.665, -5.04546, 456.809, -4.08852, 460.636, 30.3612, 536.234, 27.4904, 540.541, 33.2321, 541.976, 89.2129, 523.794, 87.299, 505.134, 56.1986, 481.689, 59.0694, 479.297, 79.1651, 462.072, 73.4234, 459.201, 57.634, 318.053, 57.634 )
bones = [ "Bone2D", PoolRealArray( 0, 0, 0, 0, 0, 0, 0, 0, 0, 0, 0, 0, 0, 0, 0, 0, 0, 0, 0 ), "Bone2D/Bone2D4", PoolRealArray( 0.5, 0.5, 0.5, 0.5, 0.5, 0.5, 0, 0, 0, 0, 0, 0, 0, 0, 0, 0, 0, 0.5, 0.5 ), "Bone2D/Bone2D4/Bone2D5", PoolRealArray( 1, 1, 1, 1, 1, 1, 1, 1, 1, 1, 1, 1, 1, 1, 1, 1, 1, 1, 1 ), "Bone2D/Bone2D4/Bone2D5/Bone2D6", PoolRealArray( 0, 0, 0, 0, 0, 0, 0, 0, 0.5, 0.5, 0.5, 0.5, 0.5, 0.5, 0.5, 0.5, 0.5, 0.5, 0 ), "Bone2D/Bone2D4/Bone2D5/Bone2D6/Bone2D7", PoolRealArray( 0, 0, 0, 0, 0, 0, 0, 0, 0, 0, 0, 0, 0, 0, 0, 0, 0, 0, 0 ) ]

[node name="Polygon2D4" type="Polygon2D" parent="Tentacle"]
texture = ExtResource( 6 )
skeleton = NodePath("../Skeleton2D")
polygon = PoolVector2Array( 533.364, 28.4474, 538.148, 13.1364, 560.158, 9.30861, 568.292, 24.1411, 594.129, 24.6196, 585.517, -6.48087, 618.053, -2.17464, 621.88, 56.677, 614.703, 58.5909, 612.311, 78.2081, 596.043, 69.5957, 594.608, 57.634, 538.627, 56.1986 )
uv = PoolVector2Array( 533.364, 28.4474, 538.148, 13.1364, 560.158, 9.30861, 568.292, 24.1411, 594.129, 24.6196, 585.517, -6.48087, 618.053, -2.17464, 621.88, 56.677, 614.703, 58.5909, 612.311, 78.2081, 596.043, 69.5957, 594.608, 57.634, 538.627, 56.1986 )
bones = [ "Bone2D", PoolRealArray( 0, 0, 0, 0, 0, 0, 0, 0, 0, 0, 0, 0, 0 ), "Bone2D/Bone2D4", PoolRealArray( 0, 0, 0, 0, 0, 0, 0, 0, 0, 0, 0, 0, 0 ), "Bone2D/Bone2D4/Bone2D5", PoolRealArray( 0.5, 0.5, 0.5, 0.5, 0.5, 0, 0, 0, 0, 0, 0, 0.5, 0.5 ), "Bone2D/Bone2D4/Bone2D5/Bone2D6", PoolRealArray( 1, 1, 1, 1, 1, 1, 1, 1, 1, 1, 1, 1, 1 ), "Bone2D/Bone2D4/Bone2D5/Bone2D6/Bone2D7", PoolRealArray( 0, 0, 0, 0, 0.5, 0.5, 0.5, 0.5, 0.5, 0.5, 0.5, 0.5, 0 ) ]

[node name="Polygon2D5" type="Polygon2D" parent="Tentacle"]
texture = ExtResource( 6 )
skeleton = NodePath("../Skeleton2D")
polygon = PoolVector2Array( 624.751, 25.5766, 642.933, 26.5335, 643.89, -5.52393, 673.555, -1.21771, 673.077, 25.5766, 703.22, 27.9689, 703.22, 60.5048, 623.316, 57.634 )
uv = PoolVector2Array( 624.751, 25.5766, 642.933, 26.5335, 643.89, -5.52393, 673.555, -1.21771, 673.077, 25.5766, 703.22, 27.9689, 703.22, 60.5048, 623.316, 57.634 )
bones = [ "Bone2D", PoolRealArray( 0, 0, 0, 0, 0, 0, 0, 0 ), "Bone2D/Bone2D4", PoolRealArray( 0, 0, 0, 0, 0, 0, 0, 0 ), "Bone2D/Bone2D4/Bone2D5", PoolRealArray( 0, 0, 0, 0, 0, 0, 0, 0 ), "Bone2D/Bone2D4/Bone2D5/Bone2D6", PoolRealArray( 0.5, 0.5, 0, 0, 0, 0, 0, 0.5 ), "Bone2D/Bone2D4/Bone2D5/Bone2D6/Bone2D7", PoolRealArray( 1, 1, 1, 1, 1, 1, 1, 1 ) ]

[node name="Skeleton2D" type="Skeleton2D" parent="Tentacle"]

[node name="Bone2D" type="Bone2D" parent="Tentacle/Skeleton2D"]
position = Vector2( 12, 43 )
rest = Transform2D( 1, 0, 0, 1, 12, 43 )
default_length = 200.0

[node name="Bone2D4" type="Bone2D" parent="Tentacle/Skeleton2D/Bone2D"]
position = Vector2( 184, 1 )
rest = Transform2D( 1, 0, 0, 1, 181, 0 )
default_length = 200.0

[node name="Bone2D5" type="Bone2D" parent="Tentacle/Skeleton2D/Bone2D/Bone2D4"]
position = Vector2( 138, -43 )
rest = Transform2D( 1, 0, 0, 1, 139, 0 )
default_length = 200.0

[node name="Bone2D6" type="Bone2D" parent="Tentacle/Skeleton2D/Bone2D/Bone2D4/Bone2D5"]
position = Vector2( 215, 56 )
rotation = 0.44219
rest = Transform2D( 1, 0, 0, 1, 215, 0 )
default_length = 50.0

[node name="Bone2D7" type="Bone2D" parent="Tentacle/Skeleton2D/Bone2D/Bone2D4/Bone2D5/Bone2D6"]
position = Vector2( 86.6752, -14.7446 )
rest = Transform2D( 1, 0, 0, 1, 94, 0 )
default_length = 74.0

[node name="SpritePretendPlayer_Caught" type="Sprite" parent="."]
position = Vector2( 43, 467 )
z_index = -1
texture = ExtResource( 7 )
region_enabled = true
region_rect = Rect2( 0, 0, 64, 64 )

[node name="SpritePretendPlayer_Before" type="Sprite" parent="."]
position = Vector2( 505, 543 )
z_index = -1
texture = ExtResource( 7 )
region_enabled = true
region_rect = Rect2( 0, 0, 64, 64 )

[connection signal="queen_dead" from="FinalBoss_FakeAndReal" to="." method="_on_FinalBoss_FakeAndReal_queen_dead"]
[connection signal="new_weapon" from="ThrustShip" to="." method="_on_ThrustShip_new_weapon"]
[connection signal="timeout" from="TimerFire" to="." method="_on_TimerFire_timeout"]

[editable path="Floater_Domain"]
